 Dungeon Crawl Stone Soup version 0.27-a0-906-g0a00ce863d (webtiles) character file.

Game seed: 1990886653831982092

150 mhtbhm the Cudgeller (level 5, -1/34 HPs)
             Began as a Gargoyle Berserker on Apr 7, 2021.
             Was a Believer of Trog.
             Slain by an orc warrior
             ... wielding a +0 flail
              (11 damage)
             ... on level 4 of the Dungeon.
             The game lasted 00:04:39 (3776 turns).

mhtbhm the Cudgeller (Gargoyle Berserker)           Turns: 3776, Time: 00:04:40

Health: -1/34      AC: 18    Str: 21    XL:     5   Next: 32%
Magic:  5/5        EV:  8    Int:  8    God:    Trog [**....]
Gold:   124        SH:  0    Dex:  9    Spells: 4/4 levels left

rFire    . . .     SeeInvis .   a - +2 flail (protect)
rCold    . . .     Faith    +   (no shield)
rNeg     + . .     Spirit   .   b - +0 chain mail
rPois    ∞         Reflect  .   f - +2 helmet
rElec    +         Harm     .   (no cloak)
rCorr    .         Rampage  .   k - +1 pair of gloves
Will     .....                  (no boots)
Stlth    ..........             l - amulet of faith
HPRegen  0.11/turn              (no ring)
MPRegen  0.09/turn              (no ring)

@: no status effects
A: AC +4, negative energy resistance 1, electricity resistance, torment
resistance 1, unbreathing 1, petrification resistance
a: Renounce Religion, Berserk, Trog's Hand


You were on level 4 of the Dungeon.
You worshipped Trog.
Trog was pleased with you.
You visited 1 branch of the dungeon, and saw 4 of its levels.

You collected 124 gold pieces.

Inventory:

Hand Weapons
 a - a +2 flail of protection (weapon)
Armour
 b - a +0 chain mail (worn)
 f - a +2 helmet (worn)
 k - a +1 pair of gloves (worn)
Jewellery
 l - an amulet of faith (around neck)
Wands
 t - a wand of polymorph (9)
Scrolls
 i - a scroll of enchant weapon {unknown}
 j - a scroll of teleportation {unknown}
 n - a scroll of identify {unknown}
 p - a scroll of blinking {unknown}
 q - a scroll of magic mapping {unknown}
 s - a scroll of torment {unknown}
Potions
 c - 2 potions of cancellation {unknown}
 d - a potion of lignification {unknown}
 g - 4 potions of curing {unknown}
 h - a potion of attraction {unknown}
 m - a potion of haste {unknown}
 o - a potion of invisibility {unknown}
 r - a potion of berserk rage {unknown}


   Skills:
 + Level 4.3 Fighting
 + Level 4.5 Maces & Flails
 + Level 2.8 Armour
 + Level 2.1 Dodging
 + Level 0.2 Stealth


You had 4 spell levels left.
You didn't know any spells.
Your spell library was empty.

Dungeon Overview and Level Annotations

Branches:
Dungeon (4/15)             Temple (0/1) D:4

Altars:

Shops:
D:2 (


Innate Abilities, Weirdness & Mutations

Your stone body is resilient. (AC +4)
You are immune to poison.
You resist negative energy. (rN+)
You are resistant to electric shocks. (rElec)
You are resistant to unholy torment.
You can survive without breathing.
You are immune to petrification.


Message History

The orc warrior hits you but does no damage.
You hit the orc warrior.
The orc warrior is lightly wounded.
The orc warrior hits you with a +0 flail!
The orc hits you but does no damage.
You sock the orc warrior!
The orc warrior is moderately wounded.
The orc warrior hits you but does no damage.
The orc closely misses you.
You hit the orc warrior.
The orc warrior is moderately wounded.
The orc warrior hits you but does no damage.
The orc hits you but does no damage.
The orc warrior hits you but does no damage.
The orc barely misses you.
You hit the orc warrior.
The orc warrior is heavily wounded.
The orc warrior barely misses you. The orc barely misses you.
You completely miss the orc warrior.
The orc warrior is heavily wounded.
The orc warrior hits you but does no damage.
The orc barely misses you.
You barely miss the orc warrior.
The orc warrior is heavily wounded.
The orc warrior hits you with a +0 flail.
The orc closely misses you.
You barely miss the orc warrior.
The orc warrior is heavily wounded.
The orc warrior barely misses you. The orc barely misses you.
You closely miss the orc warrior.
The orc warrior is heavily wounded.
The orc warrior completely misses you. The orc hits you but does no damage.
You closely miss the orc warrior.
The orc warrior is moderately wounded.
The orc warrior hits you with a +0 flail!
The orc hits you with a +0 club.
* * * LOW HITPOINT WARNING * * *
The orc barely misses you.
The orc warrior hits you with a +0 flail!
You die...

#..........>.......#
#....##.........#.##
#....##.)⌠...⌠..#.#
#.................#
####..#........ #.
######.# .##.#
#......# .. #......#
.# #.....@# ..
#.....oo..# .
#.......>.....
#.............
####..........
.....##.... .#.....
.... #.#.###. ...


You could see an orc warrior and an orc.

Vanquished Creatures
  An orc wizard (D:3)
  3 adders
  A worm (D:3)
  A dart slug (D:2)
  6 orcs
  9 endoplasms
  7 goblins
  15 hobgoblins
  8 jackals
  2 quokkas
  9 ball pythons
  3 bats (D:1)
  5 frilled lizards
  9 kobolds
  A rat (D:1)
80 creatures vanquished.

Notes
Turn   | Place    | Note
-------+----------+-------------------------------------------
     0 | D:1      | mhtbhm the Gargoyle Berserker began the quest for the Orb.
     0 | D:1      | Reached XP level 1. HP: 14/14 MP: 1/1
    23 | D:1      | Reached XP level 2. HP: 19/19 MP: 2/2
   544 | D:1      | Found a faded altar of an unknown god.
   934 | D:1      | Reached XP level 3. HP: 24/24 MP: 3/3
  1861 | D:2      | Reached XP level 4. HP: 28/29 MP: 4/4
  1940 | D:2      | Found Matzuw's Weapon Shop.
  1989 | D:2      | Reached ** piety under Trog
  3269 | D:3      | Reached XP level 5. HP: 29/33 MP: 5/5
  3545 | D:3      | Reached *** piety under Trog
  3721 | D:4      | Found a staircase to the Ecumenical Temple.
  3763 | D:4      | Noticed an orc warrior
  3776 | D:4      | Slain by an orc warrior

Illustrated notes

Levels and vault maps discovered:
D:1:      erik_arrival_cave_to_civilisation [erik_arrival_cave_to_hall],
          layout_basic, basic_ecumenical_altar, chequers_serial_rivers_micro_b
D:2:      cheibrodos_greedy_goblins, layout_loops_ring, serial_shops, shop,
          chequers_serial_rivers_micro_c, chequers_garden, minivault_26,
          grunt_decor_one_mirror
D:3:      layout_basic, hex_intersection
D:4:      layout_rooms, minmay_temple_entry_large_hall

Skill      XL: |  1  2  3  4 |
---------------+-------------+-----
Fighting       | 4 |  4.3
Dodging        | 2 |  2.1
Maces & Flails | 4 |  4.5
Armour         | |  2.8
Stealth        | |  0.2

Action                   |  1- 3 |  4- 6 || total
-------------------------+-------+-------++-------
Melee: Mace              |    48 |       ||    48
       Flail             |    68 |   138 ||   206
Invok: Berserk           |     1 |       ||     1
Armor: Animal skin       |    47 |       ||    47
       Chain mail        |    30 |    87 ||   117
Dodge: Dodged            |   101 |   100 ||   201

Table legend: (Time is in decaauts)
 A = Elapsed time spent in this place.
 B = Non-inter-level travel time spent in this place.
 C = Inter-level travel time spent in this place.
 D = Time resting spent in this place.
 E = Time spent auto-exploring this place.
 F = Levels seen in this place.
 G = Mean time per level.
                   A        B        C        D        E       F      G
               +--------+--------+--------+--------+--------+-----+--------+
         Total |   3835 |   3835 |      0 |    748 |   2401 |   4 |  958.8 |
       Dungeon |   3835 |   3835 |      0 |    748 |   2401 |   4 |  958.8 |
               +--------+--------+--------+--------+--------+-----+--------+

Top non-repeatable levels by time:
     D:1: 1543 daAuts
     D:2: 1390 daAuts
     D:3: 844 daAuts
     D:4: 57 daAuts
